 Dungeon Crawl Stone Soup version 0.30-a0-1160-g6e42c06551 (webtiles) character file.

Game seed: 11296340471795209037

46 holysushi the Sneak (level 3, -4/21 HPs)
             Began as an Octopode Enchanter on Apr 25, 2023.
             Slain by a gnoll
             ... wielding a +0 halberd
              (12 damage)
             ... on level 2 of the Dungeon.
             The game lasted 00:01:17 (1175 turns).

holysushi the Sneak (Octopode Enchanter)            Turns: 1175, Time: 00:01:17

Health: -4/21      AC:  1    Str:  7    XL:     3   Next: 68%
Magic:  4/6        EV: 13    Int: 17    God:
Gold:   36         SH:  0    Dex: 14    Spells: 4/6 levels left

rFire   . . .        a - +1 dagger
rCold   . . .        (no shield)
rNeg    . . .        (helmet restricted)
rPois   .            (no amulet)
rElec   .            (no ring)
rCorr   .            (no ring)
SInv    .            (no ring)
Will    .....        (no ring)
Stlth   ++++         (no ring)
HPRegen 0.23/turn    (no ring)
MPRegen 0.10/turn    (no ring)
                     (no ring)

%: no passive effects
@: no status effects
A: almost no armour, amphibious, 8 rings, camouflage 1, gelatinous body 1,
(nimble swimmer 1), tentacles
a: no special abilities


You were on level 2 of the Dungeon.
You visited 1 branch of the dungeon, and saw 2 of its levels.

You collected 36 gold pieces.

Inventory:

Hand Weapons
 a - a +1 dagger (weapon)
Scrolls
 c - a scroll of poison {unknown}
 d - 3 scrolls of identify {unknown}
 e - a scroll of enchant weapon {unknown}
 g - 3 scrolls of silence {unknown}
 h - a scroll of immolation {unknown}
 i - a scroll of magic mapping {unknown}
Potions
 b - 3 potions of invisibility
 f - a potion of flight {unknown}


   Skills:
 + Level 3.4 Short Blades
 - Level 2.0 Dodging
 - Level 4.0 Stealth
 - Level 2.0 Spellcasting
 - Level 3.0 Hexes


You had 4 spell levels left.
You knew the following spells:

 Your Spells              Type           Power      Damage    Failure   Level
a - Ensorcelled Hibernat  Hex/Ice        12%        N/A       16%         2

Your spell library contained the following spells:

 Spells                   Type           Power      Damage    Failure   Level
 Confusing Touch          Hex            11%        N/A       17%         3
 Tukima's Dance           Hex            11%        N/A       17%         3
 Sandblast                Erth           2%         2d4       19%         1
 Passwall                 Tmut/Erth      0%         N/A       28%         2
 Dazzling Flash           Conj/Hex       12%        N/A       30%         3
 Stone Arrow              Conj/Erth      2%         3d7       50%         3


Dungeon Overview and Level Annotations

Branches:
Dungeon (2/15) Zot: 10828

Altars:
Wu Jian


Innate Abilities, Weirdness & Mutations

You cannot wear most types of armour.
You are amphibious.
You can wear up to eight rings at the same time.
Your skin changes colour to match your surroundings (Stealth+).
Your rubbery body absorbs attacks. (AC +1, EV +1)
((You are camouflaged when in or above water. (Stealth+)))
You have tentacles for arms and can constrict up to eight enemies at once.


Message History

You kill the gnoll!
You see here a hobgoblin corpse.
There is a stone staircase leading up here.
There are no items here.
HP restored.
You climb upwards.
There is a stone staircase leading down here.
You start resting.
Magic restored.
You climb downwards.
There is a stone staircase leading up here.
What are your orders? t - Shout!
Orders for allies: a - Attack new target. r - Retreat! s - Stop attacking. g - Guard the area. f - Follow me.
Anything else - Cancel.
You shout for attention!
You hear a shout!
You start waiting.
An endoplasm comes into view.
The endoplasm hits you.
You hit the endoplasm. You squeeze the endoplasm.
The endoplasm is heavily wounded.
The endoplasm misses you.
You hit the endoplasm. You squeeze the endoplasm.
You kill the endoplasm!
Casting: Ensorcelled Hibernation (safe; 16% risk of failure)
Confirm with . or Enter, or press ? or * to list all spells.
Aiming: Ensorcelled Hibernation (safe; 16% risk of failure)
Press: ? - help, Shift-Dir - straight line, f - gnoll
Aim: a gnoll, wielding a +0 halberd (chance to affect: 49%)
The gnoll looks drowsy...
The gnoll shouts!
The gnoll hits you with a +0 halberd! The gnoll attacks as you move away!
The gnoll hits you with a +0 halberd. The gnoll closely misses you.
There is a stone staircase leading up here.
The gnoll hits you from afar with a +0 halberd!
Ouch! That really hurt!
You die...

#.....#
........##
.....?....#
.....[.....#
...........#
...........#
...........#
......>>..@#
...........#
##....g#.#
#########..#.#
#.g..)..†..#..
...#######.###.#
..# .. #### ##.
.


You could see a gnoll.

Vanquished Creatures
  An adder (D:2)
  A gnoll (D:2)
  2 dart slugs (D:1)
  2 ball pythons
  4 bats
  3 endoplasms
  A giant cockroach (D:1)
  2 hobgoblins
  A frilled lizard (D:1)
  7 rats (D:1)
24 creatures vanquished.

Notes
Turn   | Place    | Note
-------+----------+-------------------------------------------
     0 | D:1      | holysushi the Octopode Enchanter began the quest for the
                  | Orb.
     0 | D:1      | Reached XP level 1. HP: 11/11 MP: 3/3
   351 | D:1      | Reached XP level 2. HP: 16/17 MP: 5/5
   379 | D:1      | Learned a level 2 spell: Ensorcelled Hibernation
   637 | D:1      | Found a faded altar of an unknown god.
   948 | D:2      | Found an ornate altar of the Wu Jian Council.
   952 | D:2      | Reached XP level 3. HP: 21/21 MP: 6/6
  1175 | D:2      | Slain by a gnoll

Illustrated notes

Levels and vault maps discovered:
D:1:      lemuel_arrival_behind_the_door_small, layout_loops_corners,
          dreamdust_ecumenical_altar_angels_and_demons
D:2:      layout_rooms, basic_altar

Skill      XL: |  1  2 |
---------------+-------+-----
Short Blades   | 2 3 |  3.4
Dodging        | |  2.0
Stealth        | |  4.0
Spellcasting   | |  2.0
Hexes          | |  3.0

Action                     || total
---------------------------++-------
  Melee: Dagger            ||    47
         Constrict         ||     8
         Tentacles         ||     3
   Cast: Ensorcelled Hiber ||     4
   Stab: Sleeping          ||    10
 Armour: Skin              ||     2
  Dodge: Dodged            ||    39

Table legend: (Time is in decaauts)
 A = Elapsed time spent in this place.
 B = Non-inter-level travel time spent in this place.
 C = Inter-level travel time spent in this place.
 D = Time resting spent in this place.
 E = Time spent auto-exploring this place.
 F = Levels seen in this place.
 G = Mean time per level.
                   A        B        C        D        E       F      G
               +--------+--------+--------+--------+--------+-----+--------+
         Total |   1170 |   1104 |     66 |     93 |    782 |   2 |  585.0 |
       Dungeon |   1170 |   1104 |     66 |     93 |    782 |   2 |  585.0 |
               +--------+--------+--------+--------+--------+-----+--------+

Top non-repeatable levels by time:
     D:1: 1057 daAuts
     D:2: 113 daAuts
